 Dungeon Crawl Stone Soup version 0.29.1-12-g30fa7ad0bf (webtiles) character file.

Game seed: 9055097244454344786

973 sanboga the Ducker (level 8, -7/64 HPs)
             Began as a Merfolk Wanderer on Dec 14, 2022.
             Killed by divine providence
             ... invoked by an orc priest
              (14 damage)
             ... on level 4 of the Dungeon.
             The game lasted 00:06:19 (3642 turns).

sanboga the Ducker (Merfolk Wanderer)               Turns: 3642, Time: 00:06:19

Health: -7/64      AC: 10    Str:  9    XL:     8   Next: 16%
Magic:  8/8        EV: 28    Int:  9    God:
Gold:   216        SH:  0    Dex: 21    Spells: 7/7 levels left

rFire   . . .      SeeInvis .   a - +3 sling
rCold   . . .      Faith    .   (no shield)
rNeg    . . .      Spirit   .   k - +0 ring mail
rPois   .          Reflect  .   (no helmet)
rElec   .          Harm     .   (no cloak)
rCorr   .          Rampage  .   (no gloves)
Will    .....                   t - +0 pair of boots
Stlth   +.........              v - amulet of the acrobat
HPRegen 0.20/turn               i - +4 ring of protection
MPRegen 0.11/turn               (no ring)

@: acrobatic
A: (nimble swimmer 2), mertail
a: no special abilities


You were on level 4 of the Dungeon.
You visited 1 branch of the dungeon, and saw 4 of its levels.

You collected 216 gold pieces.

Inventory:

Hand Weapons
 a - a +3 sling (weapon)
Armour
 k - a +0 ring mail (worn)
 t - a +0 pair of boots (worn)
Jewellery
 i - a +4 ring of protection (left hand)
 v - an amulet of the acrobat (around neck)
Wands
 x - a wand of paralysis (8)
Scrolls
 d - a scroll of teleportation {unknown}
 f - 4 scrolls of identify {unknown}
 h - a scroll of fear {unknown}
 j - 2 scrolls of blinking {unknown}
 l - a scroll of noise {unknown}
 n - 2 scrolls of torment {unknown}
 o - 2 scrolls of poison {unknown}
 p - 2 scrolls of vulnerability {unknown}
 q - a scroll of amnesia {unknown}
 u - a scroll of fog {unknown}
 w - a scroll of silence {unknown}
Potions
 b - 2 potions of curing {unknown}
 c - a potion of haste
 e - 3 potions of might {unknown}
 g - 3 potions of cancellation {unknown}
 m - a potion of lignification {unknown}
 r - 2 potions of brilliance {unknown}


   Skills:
 + Level 6.0 Fighting
 * Level 5.9 Ranged Weapons
 - Level 1.0 Throwing
 + Level 6.4 Dodging
 - Level 1.0 Evocations


You had 7 spell levels left.
You didn't know any spells.
Your spell library contained the following spells:

 Spells                   Type           Power      Damage    Failure   Level
 Apportation              Tloc           0%         N/A       75%         1
 Sting                    Tmut/Pois      0%         1d3       75%         1
 Summon Small Mammal      Summ           0%         N/A       75%         1
 Poisonous Vapours        Pois/Air       0%         N/A       86%         2
 Anguish                  Hex/Necr       0%         N/A       100%        4
 Olgreb's Toxic Radiance  Pois           0%         N/A       100%        4
 Alistair's Intoxication  Tmut/Pois      0%         N/A       100%        5
 Enfeeble                 Hex            0%         N/A       100%        7


Dungeon Overview and Level Annotations

Branches:
Dungeon (4/15)
 Temple: D:4-7

Altars:
Cheibriados


Innate Abilities, Weirdness & Mutations

((You are very nimble when in or above water. (Stealth+, EV+, Speed+++)))
Your lower body shifts to a powerful aquatic tail in water.


Message History

The sling bullet hits the orc but does no damage.
The orc is almost dead.
The orc closely misses you.
Fire: a) +3 sling
Press: ? - help, Q - select action, (/) - cycle Shift-Dir - straight line, f/p - orc
Aim: an orc, wielding a +0 falchion and wearing a +0 ring mail (almost dead, 71% to hit)
You shoot a sling bullet. The sling bullet barely misses the orc.
The sling bullet hits the orc!
You kill the orc!
The orc hits you with a +0 falchion.
* * * LOW HITPOINT WARNING * * *
The orc priest invokes the aid of Beogh against you.
Beogh smites you!
* * * LOW HITPOINT WARNING * * *
The orc hits you with a +0 falchion.
* * * LOW HITPOINT WARNING * * *
Fire: a) +3 sling
Press: ? - help, Q - select action, (/) - cycle Shift-Dir - straight line, f/p - orc
Aim: an orc, wielding a +0 falchion and wearing a +0 ring mail (almost dead, 71% to hit)
You shoot a sling bullet.
The sling bullet hits the orc but does no damage.
The orc is almost dead.
The orc barely misses you.
The orc priest calls upon Beogh to heal the orc.
The orc is healed somewhat.
The orc attacks as you move away! The orc barely misses you.
The orc attacks as you move away! The orc barely misses you.
The orc attacks as you move away! The orc completely misses you.
The orc attacks as you move away! The orc completely misses you.
The orc priest looks satisfied for a moment.
The orc priest calls upon Beogh to heal the orc.
The orc's wounds heal themselves!
The orc priest looks encouraged for a moment.
The orc attacks as you move away! The orc hits you but does no damage.
The orc attacks as you move away! The orc hits you but does no damage.
The orc attacks as you move away! The orc completely misses you.
The orc attacks as you move away! The orc completely misses you.
The orc priest mumbles some strange prayers to Beogh against you.
Beogh smites you!
You die...

#.#.####....<.....######### .
#.#.# ####.#.....###....=. #.
#.#.# #.....)...#........
#.##.#.# #.........#..?..o..
#......# #.....#...#........
#......# #......#...........
##......#####......#...........
............>.......#....†....o.
##.......######@########.#
#.............o.......#.#
#..#########......###.#o# #..
.............# #.#o# #.
#######......# #.#)#
#.#.######.#o# #o#........#.#
#o##########.#####
#.....o.o...o#...#


You could see 2 orc priests and an orc.

Vanquished Creatures
  Pikel (D:4)
  A water moccasin (D:4)
  An ogre (D:4)
  2 orc priests
  6 orc wizards
  An adder (D:4)
  2 worms
  3 dart slugs
  15 orcs
  5 endoplasms
  5 goblins
  7 hobgoblins
  5 jackals (D:1)
  4 kobolds (D:1)
  3 quokkas
  5 ball pythons
  4 bats
  6 frilled lizards
  5 rats
81 creatures vanquished.

Notes
Turn   | Place    | Note
-------+----------+-------------------------------------------
     0 | D:1      | sanboga the Merfolk Wanderer began the quest for the Orb.
     0 | D:1      | sanboga set off with the following items: a +3 sling, a
                  | potion of attraction, a potion of haste, a +0 leather
                  | armour.
     0 | D:1      | Reached XP level 1. HP: 18/18 MP: 1/1
    23 | D:1      | Found a faded altar of an unknown god.
    34 | D:1      | Got Plato's Spellbook of Generation
    54 | D:1      | Reached XP level 2. HP: 24/24 MP: 2/2
   573 | D:1      | Reached XP level 3. HP: 29/29 MP: 3/3
  1740 | D:3      | Reached XP level 4. HP: 37/37 MP: 4/4
  1811 | D:3      | Identified the +4 robe "Xegoggy" {MP+9 Str+5 Int+2 Dex-2}
  2080 | D:3      | Reached XP level 5. HP: 40/42 MP: 5/5
  2779 | D:4      | Noticed an ogre
  2784 | D:4      | Killed an ogre
  2785 | D:4      | Reached XP level 6. HP: 32/49 MP: 6/6
  2902 | D:4      | Found a snail-covered altar of Cheibriados.
  3176 | D:4      | Noticed Pikel
  3189 | D:4      | Killed Pikel
  3190 | D:4      | Reached skill level 5 in Fighting
  3190 | D:4      | Reached skill level 5 in Ranged Weapons
  3190 | D:4      | Reached XP level 7. HP: 29/57 MP: 7/7
  3428 | D:4      | Reached XP level 8. HP: 60/64 MP: 8/8
  3622 | D:4      | HP: 3/64 [orc/+0 falchion (4)]
  3642 | D:4      | Killed from afar by an orc priest

Illustrated notes

Levels and vault maps discovered:
D:1:      wander_arrival_peaceful_grave, layout_basic,
          shapermc_ecumenical_altar_rom_forum
D:2:      layout_basic
D:3:      layout_basic, chequers_serial_rivers_room_b, nicolae_titane
D:4:      layout_basic, mainiacjoe_overflow_surrounded_room, uniq_pikel

Skill      XL: |  1  2  3  4  5  6  7  8 |
---------------+-------------------------+-----
Dodging        | 3 4 6 |  6.4
Ranged Weapons | 3 4 5 |  5.9
Fighting       | 4 5 6 |  6.0
Throwing       | |  1.0
Evocations     | |  1.0

Action                   |  1- 3 |  4- 6 |  7- 9 || total
-------------------------+-------+-------+-------++-------
Melee: Sling             |       |     3 |    11 ||    14
 Fire: Sling             |   104 |    94 |    48 ||   246
  Use: Potion            |       |     2 |       ||     2
Armor: Leather armour    |    10 |       |       ||    10
       Ring mail         |     2 |    26 |    29 ||    57
Dodge: Dodged            |    34 |    37 |    34 ||   105
